 Dungeon Crawl Stone Soup version 0.29.0-4-gdea44cf6ec (webtiles) character file.

Game seed: 4514370720419859162

9 qw the Sneak (level 2, 0/19 HPs)
             Began as a Gargoyle Delver on Sept 10, 2022.
             Slain by a phantom (4 damage)
             ... on level 4 of the Dungeon.
             The game lasted 00:00:05 (98 turns).

qw the Sneak (Gargoyle Delver)                        Turns: 98, Time: 00:00:05

Health: 0/19       AC:  5    Str: 15    XL:     2   Next: 12%
Magic:  2/2        EV: 11    Int: 10    God:
Gold:   0          SH:  0    Dex: 11    Spells: 1/1 levels left

rFire   . . .      SeeInvis .   a - +0 hand axe
rCold   . . .      Faith    .   (no shield)
rNeg    + . .      Spirit   .   b - +0 leather armour
rPois   inf        Reflect  .   (no helmet)
rElec   +          Harm     .   (no cloak)
rCorr   .          Rampage  .   (no gloves)
Will    .....                   (no boots)
Stlth   +++.......              (no amulet)
HPRegen 0.06/turn               (no ring)
MPRegen 0.08/turn               (no ring)

@: no status effects
A: sickness immunity, AC +2, negative energy resistance 1, electricity
resistance, torment resistance 1, petrification resistance
a: no special abilities


You were on level 4 of the Dungeon.
You visited 1 branch of the dungeon, and saw 2 of its levels.


Innate Abilities, Weirdness & Mutations

You are immune to sickness and miasma.
Your stone body is resilient. (AC +2)
You are immune to poison.
You resist negative energy. (rN+)
You are resistant to electric shocks. (rElec)
You are resistant to unholy torment.
You are immune to petrification.


   Skills:
 - Level 3.2 Fighting
 + Level 2.5 Axes
 - Level 1.5 Dodging
 - Level 5.4 Stealth


You had one spell level left.
You didn't know any spells.
Your spell library was empty.

Inventory:

Hand Weapons
 a - a +0 hand axe (weapon)
 c - a +0 flail
Armour
 b - a +0 leather armour (worn)
Wands
 g - a wand of digging (3)
Potions
 f - a potion of haste

Dungeon Overview and Level Annotations

Branches:
Dungeon (5/15)
 Temple: D:4-7

Altars:


Message History

c - a +0 flail
There is a stone staircase leading down here.
A phantom comes into view.
You hit the phantom.
The phantom is lightly damaged.
The phantom barely misses you.
You closely miss the phantom.
The phantom is lightly damaged.
The phantom hits you but does no damage.
You closely miss the phantom.
The phantom is lightly damaged.
The phantom hits you.
You hit the phantom but do no damage.
The phantom is lightly damaged.
The phantom hits you.
You closely miss the phantom.
The phantom is lightly damaged.
The phantom hits you.
You closely miss the phantom.
The phantom is lightly damaged.
The phantom hits you.
The phantom blinks!
You blink.
Found 10 gold pieces.
The phantom barely misses you.
You barely miss the phantom.
The phantom hits you but does no damage.
You barely miss the phantom. The phantom hits you.
You hit the phantom but do no damage. The phantom barely misses you.
You hit the phantom.
The phantom is lightly damaged.
The phantom misses you.
You slash the phantom!
The phantom is moderately damaged.
The phantom barely misses you.
You closely miss the phantom.
The phantom is moderately damaged.
The phantom hits you.
The phantom blinks!
You blink.
Found 7 stones, a robe and 19 gold pieces.
The phantom hits you.
You die...

#######.[$.####
...............
...............
..........(...
............#
...........#
...........#
.......@...##
.......W....#
####........##
##........######.
##.......¤.......
##........¤.......
#....>............
#....####.........
#...### ##....$...


You could see a phantom.

Vanquished Creatures
  An adder (D:5)
1 creature vanquished.

Notes
Turn   | Place    | Note
-------+----------+-------------------------------------------
     0 | D:5      | qw the Gargoyle Delver began the quest for the Orb.
     0 | D:5      | Reached XP level 1. HP: 14/14 MP: 1/1
     0 | D:5      | 0 ||| qw: Version: 0.1-a-116-g5d60599
     0 | D:5      | 0 ||| qw: Game counter: 8887
     0 | D:5      | 0 ||| qw: Always use a shield: true
     0 | D:5      | 0 ||| qw: God list: Okawaru
     0 | D:5      | 0 ||| qw: Allow faded altars: false
     0 | D:5      | 0 ||| qw: Do Orc after D:15 true
     0 | D:5      | 0 ||| qw: Do second Lair branch before Depths: true
     0 | D:5      | 0 ||| qw: Lair rune preference: random
     0 | D:5      | 0 ||| qw: Plans: Normal
     0 | D:5      | 0 ||| PLANNING D:1-11
     0 | D:5      | 0 ||| DROPPING scroll of fog.
     1 | D:5      | 1 ||| DROPPING scroll of magic mapping.
     2 | D:5      | 2 ||| DROPPING scroll of fear.
    24 | D:5      | Reached XP level 2. HP: 16/19 MP: 2/2
    79 | D:4      | Noticed a phantom
    98 | D:4      | HP: 4/19 [phantom (3)]
    98 | D:4      | Slain by a phantom

Levels and vault maps discovered:
D:4:      layout_layer_cave, gammafunk_ghost_necromancy, serial_glass,
          glass_columns_a, glass_columns_a, glass_columns_a, glass_columns_a,
          kennysheep_generic_room_8, uniq_duvessa, uniq_pargi
D:5:      layout_basic, elyvilon_altar_1, gup_sewer_entry_pipe,
          hex_intersection, kennysheep_generic_room_14

Skill      XL: |  1 |
---------------+----+-----
Axes           | 2 |  2.5
Fighting       | |  3.2
Dodging        | |  1.5
Stealth        | |  5.4

Action                   || total
-------------------------++-------
Melee: Hand axe          ||    18
Armor: Leather armour    ||     3
Dodge: Dodged            ||    12

Table legend:
 A = Non-vault XP
 B = Vault XP
 C = Vault XP percentage of total XP
 D = Non-vault monster count
 E = Vault monster count
 F = Vault count percentage of total count
                 A         B        C        D         E       F
            +---------+---------+-------+---------+---------+-------
      Total |      13 |       0 |   0.0 |       1 |       0 |   0.0
            +---------+---------+-------+---------+---------+-------
        D:5 |      13 |       0 |   0.0 |       1 |       0 |   0.0
            +---------+---------+-------+---------+---------+-------
